 Dungeon Crawl Stone Soup version 0.21-a0-273-g0785366 (webtiles) character file.

3 Lavandula the Grasshopper (level 1, 1/17 HPs)
             Began as a Ghoul Warper on Sept 17, 2017.
             Quit the game on level 1 of the Dungeon.
             The game lasted 00:01:16 (372 turns).

Lavandula the Grasshopper (Ghoul Warper)             Turns: 372, Time: 00:01:17

Health: 1/17       AC:  4    Str: 14    XL:     1   Next: 50%
Magic:  2/2        EV: 11    Int:  8    God:
Gold:   14         SH:  0    Dex:  8    Spells: 3/3 levels left

rFire    . . .     SeeInvis .     - Unarmed
rCold    + . .     Gourm    .   (no shield)
rNeg     + + +     Faith    .   a - +1 leather armour
rPois    ∞         Spirit   .   (no helmet)
rElec    .         Reflect  .   (no cloak)
rCorr    .         Harm     .   (no gloves)
MR       .....                  (no boots)
Stlth    +.........             (no amulet)
HPRegen  0.00/turn              (no ring)
MPRegen  0.08/turn              (no ring)

@: very slightly contaminated, rotting
A: rotting body, claws 1, carnivore 3, cold resistance 1, negative energy
resistance 3, inhibited regeneration, torment resistance, unbreathing
a: no special abilities


You were on level 1 of the Dungeon.
You were not hungry.

You visited 1 branch of the dungeon, and saw 1 of its levels.

You collected 14 gold pieces.

Inventory:

Missiles
 d - 5 tomahawks of dispersal (quivered)
Armour
 a - a +1 leather armour (worn)
 e - a +0 ring mail
Scrolls
 g - a scroll of enchant armour
Books
 b - a book of Spatial Translocations

   Spells                             Type                      Level
   a - Blink                          Translocation                2
   b - Shroud of Golubria             Charms/Translocation         2
   c - Lesser Beckoning               Translocation                3
   d - Gell's Gravitas                Translocation                3
   e - Teleport Other                 Translocation                3
   f - Passage of Golubria            Translocation                4
Comestibles
 f - a meat ration


   Skills:
 - Level 2.1 Fighting
 - Level 0.8 Throwing
 - Level 0.8 Armour
 - Level 1.8 Dodging
 + Level 2.5 Unarmed Combat
 - Level 1.7 Spellcasting
   Level 2.6 Translocations


You had 3 spell levels left.
You didn't know any spells.

Dungeon Overview and Level Annotations

Branches:
Dungeon (1/15)

Altars:


Innate Abilities, Weirdness & Mutations

Your body is rotting away.
You thrive on raw meat.
You are immune to poison.
You have sharp fingernails.
You are carnivorous and can eat meat at any time.
Your flesh is cold resistant. (rC+)
You are immune to negative energy. (rN+++)
You do not regenerate when monsters are visible.
You are immune to unholy pain and torment.
You can survive without breathing.


Message History

You are very lightly contaminated with residual magic.
As you read the scroll of blinking, it crumbles to dust.
The kobold throws a stone.
The stone barely misses you.
As you read the scroll labeled VUGAEP TIVAUVO, it crumbles to dust.
It is a scroll of enchant armour.
Your +0 leather armour glows green for a moment.
The kobold throws a stone.
The stone hits you but does no damage. The bat closely misses you.
The bat barely misses you. The bat hits you but does no damage.
The bat hits you but does no damage. The bat barely misses you.
The bat hits you but does no damage. The bat hits you.
* * * LOW HITPOINT WARNING * * *
The bat hits you but does no damage. The bat misses you. The bat hits you.
* * * LOW HITPOINT WARNING * * *
Are you sure you want to abandon this character and quit the game? (Confirm with "yes".)

...# #... # #. ..
..#.#. #.###.#
#..... #..#..#
#..... #....# #.##..
# #....# #....#
#.######.#.####..#.#
#..@b.K.............
#######h.........##.
#.....########
####......#
#...h.....#
#.#.##.#..#
#.r#.)#...#
#(#[##.#..#
#.#.##?#..#


You could see a jackal, a bat and a kobold.

Vanquished Creatures
  A leopard gecko (D:1)
  A bat (D:1)
  A kobold (D:1)
3 creatures vanquished.

Notes
Turn   | Place    | Note
-------+----------+-------------------------------------------
     0 | D:1      | Lavandula the Ghoul Warper began the quest for the Orb.
     0 | D:1      | Reached XP level 1. HP: 17/17 MP: 2/2
   372 | D:1      | Quit the game

Vault maps used:
D:1:      dpeg_arrival_short_road, minmay_small_reverse_x

Action                   || total
-------------------------++-------
Melee: Unarmed           ||    23
  Use: Scroll            ||     2
Armor: Leather armour    ||    16
Dodge: Dodged            ||    31

Table legend:
 A = Spawn XP
 B = Non-spawn XP
 C = Spawn XP percentage of total XP
 D = Spawn monster count
 E = Non-spawn monster count
 F = Spawn count percentage of total count
 G = Total turns spent on level
                    A         B        C        D         E        F      G
               +---------+---------+-------+---------+---------+-------+---------
         Total |       0 |       5 |   0.0 |       0 |       3 |   0.0 |   372
               +---------+---------+-------+---------+---------+-------+---------
           D:1 |       0 |       5 |   0.0 |       0 |       3 |   0.0 |   372
               +---------+---------+-------+---------+---------+-------+---------
